 Dungeon Crawl Stone Soup version 0.21.1-1-g345015f (webtiles) character file.

6605 sking99 the Basher (level 10, -3/95 (96) HPs)
             Began as a Minotaur Fighter on June 28, 2018.
             Was a Priest of Makhleb.
             Slain by an orc warrior
             ... wielding a +0 short sword
              (19 damage)
             ... on level 9 of the Dungeon.
             The game lasted 00:21:26 (8093 turns).

sking99 the Basher (Minotaur Fighter)               Turns: 8093, Time: 00:21:28

HP:   -3/95 (96)    AC: 12    Str: 24 (25) XL:     10   Next: 71%
MP:   13/13         EV:  4    Int:  5      God:    Makhleb [***...]
Gold: 435           SH: 10    Dex: 18      Spells: 9/9 levels left

rFire    . . .     SeeInvis .   a - +1 flail
rCold    . . .     Gourm    .   c - +0 shield
rNeg     . . .     Faith    .   P - +0 plate armour
rPois    +         Spirit   .   (helmet restricted)
rElec    .         Reflect  .   o - scarf {repulsion}
rCorr    .         Harm     .   M - +0 pair of gloves of Midwinter {Dex+6}
MR       .....                  (no boots)
Stlth    ..........             w - amulet of regeneration
HPRegen  0.65/turn              p - ring of poison resistance
MPRegen  0.13/turn              e - +3 ring of strength

@: repel missiles
A: retaliatory headbutt, horns 2, deterioration 1
a: Minor Destruction, Lesser Servant of Makhleb, Renounce Religion


You were on level 9 of the Dungeon.
You worshipped Makhleb.
Makhleb was most pleased with you.
You were not hungry.

You visited 1 branch of the dungeon, and saw 9 of its levels.

You collected 435 gold pieces.

Inventory:

Hand Weapons
 a - a +1 flail (weapon)
Armour
 b - a +0 scale mail
 c - a +0 shield (worn)
 n - a +1 pair of gloves
 o - a scarf of repulsion (worn)
 B - a +0 chain mail
 M - the +0 pair of gloves of Midwinter (worn) {Dex+6}
   (You found it on level 7 of the Dungeon)

   It affects your dexterity (+6).
 P - a +0 plate armour (worn)
Jewellery
 e - a +3 ring of strength (right hand)
 p - a ring of poison resistance (left hand)
 w - an amulet of regeneration (around neck)
Wands
 r - a wand of paralysis (18)
 x - a wand of disintegration (24)
 z - a wand of acid (2)
 E - a wand of enslavement (15)
 F - a wand of polymorph (6)
 K - a wand of flame (24)
Scrolls
 g - 3 scrolls of blinking
 h - a scroll of identify
 k - a scroll of fog
 l - 6 scrolls of teleportation
 t - 7 scrolls of remove curse
 D - 2 scrolls of amnesia
 J - 2 scrolls of enchant armour
 O - a scroll of enchant weapon
Potions
 d - 3 potions of might
 i - 3 potions of resistance
 j - 3 potions of brilliance
 m - 3 potions of agility
 q - a potion of degeneration {unknown}
 s - 2 potions of curing {unknown}
 u - 2 potions of haste
 v - a potion of berserk rage
 A - a potion of heal wounds {unknown}
 C - 2 potions of lignification
 G - a potion of flight {unknown}
 I - a potion of cancellation {unknown}
Books
 y - a book of Misfortune

   Spells                             Type                      Level
   a - Confusing Touch                Hexes                        1
   b - Confuse                        Hexes                        3
   c - Gell's Gravitas                Translocation                3
   d - Petrify                        Transmutation/Earth          4
   e - Metabolic Englaciation         Hexes/Ice                    5
   f - Yara's Violent Unravelling     Hexes/Transmutation          5
 H - a book of Frost

   Spells                             Type                      Level
   a - Freeze                         Ice                          1
   b - Throw Frost                    Conjuration/Ice              2
   c - Ozocubu's Armour               Charms/Ice                   3
   d - Throw Icicle                   Conjuration/Ice              4
   e - Summon Ice Beast               Ice/Summoning                4
Miscellaneous
 L - a phantom mirror
Comestibles
 f - 26 rations
 N - 2 chunks of flesh


   Skills:
 - Level 11.5 Fighting
 - Level 14.0 Maces & Flails
 + Level 4.0 Armour
 + Level 0.0 Dodging
 - Level 3.9 Shields
 + Level 5.5 Invocations


You had 9 spell levels left.
You didn't know any spells.

Dungeon Overview and Level Annotations

Branches:
Dungeon (9/15)             Temple (0/1) D:7             Orc (0/2) D:9
   Lair: D:8-11

Altars:
Ashenzari
Fedhas
Hepliaklqana
Kikubaaqudgha
Makhleb
Okawaru
Qazlal
Ru
Sif Muna
Trog
Wu Jian
Yredelemnul
Zin
Beogh


Innate Abilities, Weirdness & Mutations

You reflexively headbutt those who attack you in melee.
You have a pair of horns on your head.
Your body sometimes deteriorates upon taking damage.


Message History

The orc warrior is severely wounded.
The orc warrior hits you with a short sword.
You closely miss the orc warrior.
The orc warrior is severely wounded.
The orc warrior hits you with a short sword!!
* * * LOW HITPOINT WARNING * * *
Your body deteriorates!
You feel weakened. You block the orc warrior's attack.
There is an open door here.
A demon appears!
You can no longer hurl Makhleb's greater destruction.
The orc warrior hits you with a short sword!
* * * LOW HITPOINT WARNING * * *
You block the orc warrior's attack.
You swap places.
The orc warrior barely misses you. You furiously retaliate!
You headbutt the orc warrior! You block the orc warrior's attack.
Your ynoxinul gestures.
Your ynoxinul barely misses the orc warrior.
The orc warrior hits you with a short sword!!
You die...

#####.###...######.####......
#................†...........
#.###.###.....####.######....
#.# #.###......>...... ....
#.# #.........<........ #.#
#.##...#.....#.##### #.#
#.##..........<. #.#
#.###.##.......... #.# #.#
#.##@######### #.# #.#
#.##o######## #.# #.#
#.##5#....._#
##.###.###.#535......#
#............<#....._#
######.###.##.########
#.###.##.### ## #.#.....#..#
#. #.#####.#..# #.


You could see an orc warrior (berserk), a friendly ynoxinul and 3 friendly
ufetubi.

Vanquished Creatures
  A two-headed ogre (D:8)
  Pikel (D:4)
  The ghost of eyesofgods1 the Insei, an amateur GnTm (D:4)
  A hippogriff (D:9)
  Grinder (D:5)
  A spriggan (D:7)
  Sigmund (D:6)
  A wraith (D:7)
  2 wyverns (D:9)
  2 hungry ghosts
  Eustachio (D:5)
  2 steam dragons (D:5)
  Edmund (D:5)
  Duvessa (D:6)
  2 water moccasins (D:9)
  A sky beast (D:7)
  A slave (D:4)
  4 orc warriors
  An ice beast (D:2)
  A necrophage (D:9)
  6 ogres
  A phantom (D:5)
  A crocodile (D:7)
  A big kobold (D:7)
  2 bullfrogs
  2 gnoll sergeants (D:7)
  A wyvern zombie (D:7)
  Dowan (D:6)
  4 scorpions
  3 crimson imps
  2 hounds
  A bullfrog skeleton (D:5)
  A centaur zombie (D:6)
  11 orc priests
  8 orc wizards
  4 worker ants
  5 iguanas
  A hound skeleton (D:7)
  A howler monkey skeleton (D:4)
  7 gnolls (D:7)
  10 adders
  A shadow imp (D:7)
  An ooze (D:5)
  2 worms
  3 dart slugs
  5 leopard geckos
  55 orcs
  4 giant cockroaches
  3 goblins
  6 hobgoblins
  6 jackals
  3 quokkas
  2 ball pythons
  5 bats
  6 frilled lizards
  A jackal skeleton (D:4)
  10 kobolds
  A leopard gecko skeleton (D:4)
  4 rats
218 creatures vanquished.

Vanquished Creatures (collateral kills)
  Menkaure (D:7)
  A hound (D:8)
2 creatures vanquished.

Grand Total: 220 creatures vanquished

Notes
Turn   | Place    | Note
-------+----------+-------------------------------------------
     0 | D:1      | sking99 the Minotaur Fighter began the quest for the Orb.
     0 | D:1      | Reached XP level 1. HP: 19/19 MP: 0/0
   548 | D:1      | Reached XP level 2. HP: 23/27 MP: 1/1
  1059 | D:2      | Reached skill level 3 in Maces & Flails
  1082 | D:2      | Reached XP level 3. HP: 29/33 MP: 2/2
  1282 | D:2      | Noticed an ice beast
  1296 | D:2      | Killed an ice beast
  1296 | D:2      | Reached skill level 5 in Maces & Flails
  1296 | D:2      | Reached XP level 4. HP: 41/41 MP: 3/3
  1296 | D:2      | Reached XP level 5. HP: 47/47 MP: 4/4
  1897 | D:3      | Reached skill level 5 in Fighting
  2108 | D:4      | Noticed an ogre
  2312 | D:4      | Noticed eyesofgods1's ghost (amateur GnTm)
  2397 | D:4      | Killed eyesofgods1's ghost
  2397 | D:4      | Reached skill level 6 in Maces & Flails
  2397 | D:4      | Reached XP level 6. HP: 39/57 MP: 5/5
  2545 | D:4      | Found a burning altar of Makhleb.
  2550 | D:4      | Found a glowing silver altar of Zin.
  2551 | D:4      | Noticed a cacodemon
  2551 | D:4      | Noticed an angel
  2560 | D:4      | Reached skill level 7 in Maces & Flails
  2566 | D:4      | Became a worshipper of Makhleb the Destroyer
  2574 | D:4      | Reached XP level 7. HP: 58/63 MP: 6/6
  2799 | D:4      | Reached skill level 8 in Maces & Flails
  2920 | D:4      | Found a deep blue altar of Sif Muna.
  2924 | D:4      | Noticed Pikel
  3077 | D:4      | Killed Pikel
  3077 | D:4      | Reached skill level 9 in Maces & Flails
  3077 | D:4      | Reached XP level 8. HP: 27/74 MP: 7/7
  3112 | D:4      | Paralysed by an orc wizard for 7 turns
  3129 | D:4      | Paralysed by an orc wizard for 5 turns
  3640 | D:5      | Entered Level 5 of the Dungeon
  3640 | D:5      | Noticed Grinder
  3652 | D:4      | Reached skill level 10 in Maces & Flails
  3921 | D:5      | Killed Grinder
  3948 | D:5      | Found an iron altar of Okawaru.
  4017 | D:5      | Reached * piety under Makhleb
  4066 | D:5      | Reached skill level 11 in Maces & Flails
  4104 | D:5      | Noticed Edmund
  4118 | D:5      | Killed Edmund
  4353 | D:5      | Noticed Eustachio
  4366 | D:5      | Killed Eustachio
  4366 | D:5      | Reached XP level 9. HP: 67/83 MP: 8/8
  4945 | D:6      | Found an ornate altar of the Wu Jian Council.
  4958 | D:6      | Reached skill level 12 in Maces & Flails
  4963 | D:6      | Noticed Duvessa
  4968 | D:6      | Noticed Dowan
  4975 | D:6      | Killed Duvessa
  4990 | D:6      | Killed Dowan
  5024 | D:6      | Reached ** piety under Makhleb
  5100 | D:6      | Noticed Sigmund
  5138 | D:6      | Killed Sigmund
  5270 | D:6      | Reached skill level 1 in Invocations
  5389 | D:7      | Found a staircase to the Ecumenical Temple.
  5461 | D:7      | Reached skill level 10 in Fighting
  5585 | D:7      | Reached skill level 13 in Maces & Flails
  5606 | D:7      | Found a basalt altar of Yredelemnul.
  5614 | D:7      | Noticed Menkaure
  5616 | D:7      | Found an ancient bone altar of Kikubaaqudgha.
  5634 | D:7      | Found a transporter.
  5646 | D:7      | Found a transporter.
  5841 | D:7      | Found a shattered altar of Ashenzari.
  6155 | D:7      | Reached *** piety under Makhleb
  6378 | D:7      | Killed Menkaure
  6378 | D:7      | Reached XP level 10. HP: 92/93 MP: 11/11
  6398 | D:7      | Got a pair of heavily runed gloves
  6409 | D:7      | Identified the +0 pair of gloves of Midwinter {Dex+6} (You found it on level 7 of the Dungeon)
  6632 | D:8      | Noticed a two-headed ogre
  6641 | D:8      | Killed a two-headed ogre
  7087 | D:8      | Found a sacrificial altar of Ru.
  7442 | D:9      | Reached skill level 14 in Maces & Flails
  7510 | D:9      | Gained mutation: Your body sometimes deteriorates upon taking damage. [a neqoxec]
  7606 | D:9      | Found a roughly hewn altar of Beogh.
  7606 | D:9      | Found a staircase to the Orcish Mines.
  7711 | D:9      | Reached **** piety under Makhleb
  7711 | D:9      | Reached skill level 5 in Invocations
  7916 | D:9      | Found a blossoming altar of Fedhas.
  7916 | D:9      | Found a hazy altar of Hepliaklqana.
  7916 | D:9      | Found a stormy altar of Qazlal.
  8074 | D:9      | Found an iron altar of Okawaru.
  8075 | D:9      | Found a bloodstained altar of Trog.
  8093 | D:9      | Slain by an orc warrior

Skill      XL: |  1  2  3  4  5  6  7  8  9 10 |
---------------+-------------------------------+-----
Armour         | 4 |  4.0
Maces & Flails | 3 5 6 7 9 11 13 14 | 14.0
Fighting       | 4 5 6 7 9 10 11 | 11.5
Invocations    | 2 5 |  5.5
Shields        | |  3.9

Action                   |  1- 3 |  4- 6 |  7- 9 | 10-12 || total
-------------------------+-------+-------+-------+-------++-------
Melee: Flail             |    78 |    66 |   307 |   214 ||   665
       Headbutt          |     3 |     8 |    61 |    57 ||   129
Invok: Lesser Servant of |       |       |     1 |     3 ||     4
  Use: Scroll            |       |     6 |     2 |     6 ||    14
 Stab: Distracted        |       |       |       |     1 ||     1
  Eat: Chunk             |     1 |     3 |    13 |     7 ||    24
       Ration            |       |       |     1 |       ||     1
Armor: Scale mail        |    38 |    26 |    45 |       ||   109
       Chain mail        |       |       |    51 |    63 ||   114
       Skin              |       |       |     1 |       ||     1
Dodge: Dodged            |    17 |    16 |    56 |    30 ||   119
       Deflected         |       |     2 |     5 |       ||     7
Block: Shield            |    41 |    21 |   106 |    88 ||   256
